 Dungeon Crawl Stone Soup version 0.30-a0-360-g447f08457e (webtiles) character file.

Game seed: 4467596061541209081

24759 porpoise the Fighter (level 13, 0/71 HPs)
             Began as a Djinni Fire Elementalist on Nov 14, 2022.
             Was an Elder of Makhleb.
             Collided with a metal wall (11 damage)
             ... caused by a wretched star
             ... on level 2 of the Abyss.
             The game lasted 01:20:41 (17460 turns).

porpoise the Fighter (Djinni Fire Elementalist)    Turns: 17460, Time: 01:20:41

Health: 0/71       AC:  6    Str:  3    XL:     13   Next: 45%
Gold:   1005       EV: 12    Int: 17    God:    Makhleb [****..] SH:  5 Dex: 13

rFire   + + .      SeeInvis +    a - +4 dagger (drain)
rCold   x x .      Faith    .    i - +0 buckler
rNeg    . . .      Spirit   .    O - +0 troll leather armour
rPois   ∞          Reflect  .    o - +1 helmet
rElec   .          Harm     .    I - +0 cloak
rCorr   +          Rampage  .    (no gloves)
Will    +....      Rage     9%   (boots unavailable)
Stlth   ++........               j - amulet of the acrobat
HPRegen 0.00/turn                k - ring of Keynoa {rPois rCorr Dex+2 SInv Stlth-}
MPRegen 0.00/turn                N - ring of protection from cold

@: about to teleport, flying, inhibited regen, unable to read, unable to drink
A: sickness immunity, fire resistance 2, cold vulnerability 1[+2], float, innate
caster, HP casting, extra vitality 1, [berserk 2], [clumsy 2], [deformed body],
[deterioration 2], [dopey 2], [frail 3], [screaming 2], [inhibited
regeneration], ([teleportitis 2]), [weak 2], [no potion heal 2], cold
vulnerability 1[+2], [subdued magic 3], [inability to drink after injury 2],
[inability to read after injury 2]
a: Renounce Religion, Minor Destruction, Lesser Servant of Makhleb, Major
Destruction


You were on level 2 of the Abyss.
You worshipped Makhleb.
Makhleb was greatly pleased with you.
You visited 3 branches of the dungeon, and saw 17 of its levels.
You visited the Abyss 1 time.

You collected 1031 gold pieces.
You spent 26 gold pieces at shops.

Inventory:

Hand Weapons
 a - a +4 dagger of draining (weapon)
 b - a +1 short sword of electrocution
Missiles
 R - a curare-tipped dart
Armour
 i - a +0 buckler (worn)
 o - a +1 helmet (worn)
 s - +0 acid dragon scales
 I - a +0 cloak (worn)
 O - a +0 troll leather armour (worn)
Jewellery
 h - an amulet of reflection
 j - an amulet of the acrobat (around neck)
 k - the ring of Keynoa (left hand) {rPois rCorr Dex+2 SInv Stlth-}
   (You took it off a kobold on level 2 of the Dungeon)

   [ring of resist corrosion]

   Dex:       It affects your dexterity (+2).
   rPois:     It protects you from poison.
   SInv:      It lets you see invisible.
   rCorr:     It protects you from acid and corrosion.
   Stlth:     It makes you less stealthy.
 N - a ring of protection from cold (right hand)
 Q - a ring of protection from cold
Wands
 g - a wand of iceblast (4)
 m - a wand of flame (28)
 A - a wand of paralysis (19)
Scrolls
 f - 7 scrolls of identify
 p - 2 scrolls of teleportation
 q - 3 scrolls of butterflies
 r - 2 scrolls of magic mapping
 t - a scroll of brand weapon {unknown}
 z - a scroll of vulnerability
Potions
 c - a potion of invisibility
 d - 2 potions of haste
 e - a potion of attraction
 l - 2 potions of heal wounds
 n - 5 potions of curing
 u - a potion of cancellation
 v - a potion of brilliance
 x - 2 potions of berserk rage
 F - a potion of lignification
 H - a potion of might
Miscellaneous
 T - a box of beasts


   Skills:
 + Level 12.3 Fighting
 - Level 6.0 Short Blades
 + Level 4.0 Armour
 - Level 7.0 Dodging
 - Level 6.0 Stealth
 - Level 5.0 Shields
 + Level 9.6 Spellcasting
 - Level 5.0 Invocations


You couldn't memorise any spells.
You knew the following spells:

 Your Spells              Type           Power      Damage    Failure   Level
a - Foxfire               Conj/Fire      84%        2x1d8     1%          1
b - Scorch                Fire           42%        2d7       1%          2
c - Kindle Blastsparks    Fire/Tloc/Air  42%        2d13      1%          3
d - Inner Flame           Hex/Fire       21%        N/A       1%          3
e - Flame Wave            Conj/Fire      21%        2d8       1%          4
f - Magic Dart            Conj           84%        1d7       1%          1
g - Poisonous Vapours     Pois/Air       42%        N/A       1%          2
h - Anguish               Hex/Necr       10%        N/A       1%          4
i - Summon Forest         Summ/Tloc      10%        N/A       6%          5
j - Summon Mana Viper     Hex/Summ       21%        N/A       6%          5
z - Ozocubu's Armour      Ice            21%        N/A       1%          3
Your spell library was empty.

Dungeon Overview and Level Annotations

Branches:
Dungeon (12/15)            Temple (1/1) D:5            Lair (4/5) D:9
 Shoals (0/4) Lair:2        Snake (0/4) Lair:3        Slime (0/5) Lair:4
    Orc (0/2) D:10

Altars:
Ashenzari
Cheibriados
Dithmenos
Elyvilon
Fedhas
Gozag
Hepliaklqana
Makhleb
Nemelex Xobeh
Okawaru
Qazlal
Ru
Trog
Uskayaw
Wu Jian
Xom
Yredelemnul
Zin
The Shining One

Shops:
D:2 (   D:3 :   D:4 *

Annotations:
D:12 Erolcha
Lair:3 3 runed translucent doors, Feudof's ghost, journeyman GnWr


Innate Abilities, Weirdness & Mutations

You are immune to sickness and miasma.
You are immune to poison.
Your flesh is very heat resistant. (rF++)
[You are extremely vulnerable to cold. (rC---)]
You float through the air rather than walking.
You learn spells naturally, not from books.
Your magical power is your life essence.
You have superior vitality. (+4 MHP)
[You have an uncontrollable temper.]
[You are very clumsy. (Dex -4)]
[Armour fits poorly on your strangely shaped body.]
[Your body often deteriorates upon taking damage.]
[You are very dopey. (Int -4)]
[You are extremely frail. (-30% HP)]
[You frequently scream uncontrollably at your foes.]
[You do not regenerate when monsters are visible.]
[((You are often teleported next to monsters.))]
[You are very weak. (Str -4)]
[Potions cannot restore your health.]
[You are extremely vulnerable to cold. (rC---)]
[Your spells are much easier to cast, but much less powerful.]
[You sometimes lose the ability to drink potions when taking damage.]
[You sometimes lose the ability to read scrolls when taking damage.]


Message History

You are knocked back by the lance of force.
You are too injured to fight recklessly!
The wretched star pulses with an eldritch light!
Your connection to magic feels nearly dormant.
You feel frail.
The wretched star pulses with an eldritch light!
You occasionally lose the ability to read scrolls when taking damage.
You lose the ability to read scrolls when taking damage more often.
As you read the scroll of teleportation, it crumbles to dust.
You feel strangely unstable.
You feel the power of the Abyss delaying your translocation!
You can drink potions again.
The wretched star pulses with an eldritch light!
The wretched star pulses with an eldritch light!
The wretched star glows turbulently.
The lance of force misses you.
You hit the wretched star but do no damage.
The wretched star is lightly damaged.
You closely miss the wretched star.
The wretched star is lightly damaged.
You puncture the wretched star!
The wretched star is lightly damaged.
You hit the wretched star.
The wretched star is lightly damaged.
The wretched star pulses with an eldritch light!
You feel vulnerable to cold. x2
You hit the wretched star but do no damage.
The wretched star is lightly damaged.
You hit the wretched star but do no damage.
The wretched star is lightly damaged.
You hit the wretched star but do no damage.
The wretched star is lightly damaged.
The wretched star glows turbulently.
The lance of force hits you!!
You feel threatened and lose the ability to read scrolls!
You feel threatened and lose the ability to drink potions!
* * * LOW HITPOINT WARNING * * *
You are knocked back by the lance of force.
You slam into the metal wall!
You die...

## ###### ###.#
#.# ##@*#..#
#.#.#..###
#.#####.########
............. .
#...... ...... .
#.. .. .......
#.#. .#.. .....
. ...........
.... # ...... .
...


You could see a wretched star.

Vanquished Creatures
  4 two-headed ogres
  An ugly thing (D:11)
  A cyclops (D:11)
  An oklob plant (Lair:1)
  A merfolk siren (Lair:2)
  3 elephants (Lair:4)
  6 cane toads
  Psyche (D:8)
  4 rime drakes
  3 komodo dragons
  4 trolls
  A polar bear (Lair:3)
  Prince Ribbit (D:7)
  A hornet (D:10)
  5 slime creatures (D:11)
  9 blink frogs (Lair:4)
  Grinder (D:6)
  5 shadows
  A vampire (D:10)
  A wraith (D:12)
  20 yaks
  A basilisk (Lair:4)
  2 wyverns
  Eustachio (D:4)
  A steam dragon (D:7)
  7 vampire mosquitoes
  Menkaure (D:7)
  Edmund (D:5)
  3 nagas (Lair:3)
  2 acid dragons
  10 water moccasins
  Duvessa (D:5)
  A nameless horror (D:9)
  4 orc warriors
  An ogre (D:6)
  2 ice beasts
  7 wolves
  A centaur (D:9)
  A phantom (D:7)
  A kobold brigand (D:10)
  11 bullfrogs
  A necrophage (D:3)
  3 scorpions
  12 wights
  Dowan (D:5)
  3 killer bees (D:9)
  3 jellies
  3 hounds
  12 orc priests
  Crazy Yiuf (D:7)
  Ijyb (D:5)
  2 iguanas (D:7)
  A gnoll bouda (D:8)
  9 orc wizards
  5 gnolls (D:8)
  9 adders
  A shadow imp (D:6)
  2 white imps
  2 worms
  A dart slug (D:4)
  53 orcs
  2 bats
  7 endoplasms
  4 giant cockroaches
  14 hobgoblins
  11 jackals
  3 quokkas
  6 ball pythons
  4 frilled lizards
  9 goblins
  11 kobolds
  2 rats (D:1)
331 creatures vanquished.

Vanquished Creatures (collateral kills)
  7 foxfires
7 creatures vanquished.

Vanquished Creatures (others)
  An acid dragon (D:7)
  757 foxfires
  15 fungi
  19 plants
792 creatures vanquished.

Grand Total: 1130 creatures vanquished

Notes
Turn   | Place    | Note
-------+----------+-------------------------------------------
     0 | D:1      | porpoise the Djinni Fire Elementalist began the quest for
                  | the Orb.
     0 | D:1      | porpoise set off with the following spells memorised:
                  | Foxfire, Scorch, Kindle Blastsparks, Inner Flame, Flame
                  | Wave.
     0 | D:1      | Reached XP level 1. HP: 15/15 MP: 0/0
    11 | D:1      | Noticed a demonspawn zombie
   154 | D:1      | Reached XP level 2. HP: 19/21 MP: 0/0
   789 | D:2      | Reached XP level 3. HP: 24/25 MP: 0/0
   789 | D:2      | Learned a level 1 spell: Magic Dart
   903 | D:2      | Found Popokox's Antique Weapon Shop.
  1030 | D:2      | Identified the ring of Keynoa {rPois rCorr Dex+2 SInv
                  | Stlth-}
  1236 | D:2      | Reached skill level 1 in Fighting
  1236 | D:2      | Reached XP level 4. HP: 19/32 MP: 0/0
  1378 | D:2      | Found a snail-covered altar of Cheibriados.
  1618 | D:3      | Found an opulent altar of Gozag.
  1667 | D:3      | Found a faded altar of an unknown god.
  1880 | D:3      | Reached XP level 5. HP: 38/38 MP: 0/0
  1880 | D:3      | Learned a level 2 spell: Poisonous Vapours
  1885 | D:3      | Reached skill level 2 in Fighting
  2203 | D:3      | Found Irghy's Book Boutique.
  2366 | D:3      | Reached skill level 3 in Fighting
  2366 | D:3      | Reached XP level 6. HP: 13/46 MP: 0/0
  2643 | D:4      | Found Zeutwad's General Store.
  2647 | D:4      | Reached XP level 7. HP: 51/51 MP: 0/0
  2647 | D:4      | Learned a level 3 spell: Ozocubu's Armour
  2658 | D:4      | Reached skill level 4 in Fighting
  2704 | D:4      | Bought a scroll of identify for 26 gold pieces
  2727 | D:4      | Found a hazy altar of Hepliaklqana.
  2865 | D:4      | Noticed Eustachio
  2873 | D:4      | Killed Eustachio
  2999 | D:4      | Found a bloodstained altar of Trog.
  3111 | D:4      | Reached skill level 5 in Fighting
  3112 | D:4      | Reached XP level 8. HP: 51/59 MP: 0/0
  3123 | D:4      | Reached skill level 5 in Spellcasting
  3445 | D:4      | Found a shadowy altar of Dithmenos.
  3677 | D:5      | Entered Level 5 of the Dungeon
  3682 | D:5      | Noticed Edmund
  3695 | D:5      | Killed Edmund
  3744 | D:5      | Noticed Duvessa
  3747 | D:5      | Noticed Dowan
  3828 | D:5      | Killed Dowan
  3829 | D:5      | Reached skill level 6 in Fighting
  3837 | D:5      | Killed Duvessa
  4073 | D:5      | Found a staircase to the Ecumenical Temple.
  4085 | Temple   | Entered the Ecumenical Temple
  4280 | D:5      | Noticed Ijyb
  4288 | D:5      | Killed Ijyb
  4427 | D:5      | Found a burning altar of Makhleb.
  4427 | D:5      | Found a glowing golden altar of the Shining One.
  4427 | D:5      | Found a white marble altar of Elyvilon.
  4439 | D:5      | Became a worshipper of Makhleb the Destroyer
  4842 | D:6      | Noticed Grinder
  4843 | D:6      | Paralysed by Grinder for 2 turns
  4853 | D:6      | Killed Grinder
  4854 | D:6      | Reached skill level 7 in Fighting
  4854 | D:6      | Reached XP level 9. HP: 68/68 MP: 0/0
  4854 | D:6      | Learned a level 4 spell: Anguish
  5508 | D:7      | Noticed Prince Ribbit
  5511 | D:7      | Noticed Menkaure
  5516 | D:7      | Reached * piety under Makhleb
  5518 | D:7      | Reached skill level 8 in Fighting
  5520 | D:7      | Killed Menkaure
  5523 | D:7      | Killed Prince Ribbit
  5827 | D:7      | Reached skill level 9 in Fighting
  5867 | D:7      | Reached skill level 1 in Short Blades
  6087 | D:7      | Reached XP level 10. HP: 75/78 MP: 0/0
  6186 | D:7      | Found a runed translucent door.
  6187 | D:7      | Noticed Crazy Yiuf
  6192 | D:7      | Killed Crazy Yiuf
  6544 | D:8      | Noticed Psyche
  7547 | D:8      | Killed Psyche
  7548 | D:8      | Reached skill level 5 in Dodging
  7745 | D:8      | Noticed a two-headed ogre
  7760 | D:8      | Killed a two-headed ogre
  7832 | D:8      | Found a hide-covered altar of Uskayaw.
  7837 | D:8      | Found a stormy altar of Qazlal.
  7842 | D:8      | Found a sacrificial altar of Ru.
  8429 | D:9      | Reached skill level 5 in Stealth
  8870 | D:9      | Reached XP level 11. HP: 81/84 MP: 0/0
  8870 | D:9      | Learned a level 5 spell: Summon Forest
  9018 | D:9      | Reached ** piety under Makhleb
  9067 | D:9      | Reached skill level 5 in Short Blades
  9403 | D:9      | Reached skill level 1 in Invocations
  9426 | D:9      | Found a staircase to the Lair.
  9568 | D:10     | Entered Level 10 of the Dungeon
  9911 | D:10     | Found a staircase to the Orcish Mines.
  9936 | D:10     | Reached *** piety under Makhleb
 10454 | Lair:1   | Entered Level 1 of the Lair of Beasts
 11339 | Lair:1   | Reached skill level 10 in Fighting
 11340 | Lair:1   | Reached XP level 12. HP: 75/91 MP: 0/0
 11819 | Lair:2   | Found a staircase to the Shoals.
 12423 | Lair:2   | Reached skill level 5 in Invocations
 13063 | Lair:3   | Found a staircase to the Snake Pit.
 13073 | Lair:3   | HP: 3/92 [komodo dragon (14)]
 13164 | Lair:3   | Reached skill level 1 in Shields
 13851 | Lair:3   | Found a runed translucent gate.
 13851 | Lair:3   | Found a runed translucent gate.
 13851 | Lair:3   | Found a runed translucent gate.
 13857 | Lair:3   | Noticed Feudof's ghost (journeyman GnWr)
 14452 | Lair:4   | Reached skill level 11 in Fighting
 14486 | Lair:4   | Found a staircase to the Slime Pits.
 15325 | Lair:4   | Reached XP level 13. HP: 94/99 MP: 0/0
 15325 | Lair:4   | Learned a level 5 spell: Summon Mana Viper
 15494 | Lair:4   | Reached skill level 5 in Shields
 16189 | D:11     | Reached skill level 1 in Armour
 16771 | D:11     | Reached **** piety under Makhleb
 16865 | D:11     | Reached skill level 12 in Fighting
 17032 | D:12     | Noticed Erolcha
 17174 | D:11     | HP: 2/101 [large slime creature (30)]
 17320 | Abyss:2  | Cast into level 2 of the Abyss (Erolcha)
 17396 | Abyss:2  | Found a corrupted altar of Lugonu.
 17460 | Abyss:2  | Collided with a metal wall

Illustrated notes

Levels and vault maps discovered:
D:1:      shiori_arrival_whats_in_store_for_you, layout_loops_ring,
          grunt_decor_arrowhead
D:2:      layout_basic, basic_altar, serial_shops, shop, minivault_19,
          minmay_3d_cube
D:3:      layout_basic, mainiacjoe_overflow_six_doors_small,
          basic_ecumenical_altar, serial_shops, shop,
          chequers_serial_rivers_micro_a
D:4:      layout_loops_ring, kennysheep_mini, nzn_hepliaklqana_mist_gate,
          trog_hazing_becter, serial_shops, shop_fountains, uniq_eustachio
D:5:      layout_layer_cave, gammafunk_temple_overflow_forgotten,
          minmay_temple_entry_trees, uniq_edmund, uniq_ijyb, uniq_duvessa
D:6:      layout_rooms, uniq_grinder
D:7:      layout_basic, uniq_prince_ribbit1, uniq_crazy_yiuf_cottage,
          uniq_menkaure
D:8:      layout_layer_cave, minmay_overflow_temple_star_quad, uniq_psyche
D:9:      layout_stronghold, lair_entry_dummy
D:10:     layout_long_grid, david_orc_5, serial_rivers,
          chequers_serial_rivers_micro_b, chequers_serial_rivers_micro_c,
          chequers_serial_rivers_large_b, chequers_serial_rivers_room_a,
          chequers_serial_rivers_small_a, chequers_serial_rivers_micro_a,
          feat_on_display
D:11:     layout_rooms, hangedman_decor_clover_reticule, minivault_1,
          roderic_serpentine_path
D:12:     layout_long_grid, serial_bayou, serial_bayou_pond_b,
          serial_bayou_lagoon_a, serial_bayou_ford_a, serial_bayou_pond_e,
          uniq_fannar, uniq_erolcha
Temple:   hellmonk_temple_forest_ring
Lair:1:   layout_gridlike, grunt_megastairs_4
Lair:2:   layout_small_grid, minmay_shoals_entry_lonely_mermaid,
          patterned_corridor
Lair:3:   layout_roguey, minmay_snake_entry_guardpost_small,
          ebering_ghost_rock_garden, lemuel_fruit_tree
Lair:4:   layout_regular_city, slime_entry_1
Abyss:2:  base: D:10, due_exit_kobolds

Skill      XL: |  1  2  3  4  5  6  7  8  9 10 11 12 13 |
---------------+----------------------------------------+-----
Stealth        | 2 5 6 |  6.0
Dodging        | 3 6 7 |  7.0
Fighting       | 1 3 5 7 9 10 11 12 | 12.3
Spellcasting   | 3 4 6 7 9 |  9.6
Short Blades   | 1 4 6 |  6.0
Invocations    | 4 5 |  5.0
Shields        | 4 5 |  5.0
Armour         | 4 |  4.0

Action                   |  1- 3 |  4- 6 |  7- 9 | 10-12 | 13-15 || total
-------------------------+-------+-------+-------+-------+-------++-------
Melee: Unarmed           |     7 |       |       |       |       ||     7
       Hand axe          |     1 |     7 |       |       |       ||     8
       Dagger            |     1 |    20 |    43 |   142 |    28 ||   234
       Punch             |       |       |     1 |     1 |       ||     2
 Cast: Foxfire           |    49 |    38 |    97 |   205 |    50 ||   439
       Scorch            |     4 |     8 |    31 |    72 |    21 ||   136
       Kindle Blastspark |       |     2 |     1 |    10 |       ||    13
       Poisonous Vapours |       |     1 |     3 |     2 |     2 ||     8
       Flame Wave        |       |       |    12 |    32 |    11 ||    55
       Ozocubu's Armour  |       |       |     2 |     4 |       ||     6
       Anguish           |       |       |     1 |     4 |     5 ||    10
       Magic Dart        |       |       |     1 |       |       ||     1
       Summon Forest     |       |       |       |     2 |       ||     2
Evoke: Wand              |       |       |     5 |       |       ||     5
  Use: Potion            |       |     2 |       |     2 |       ||     4
       Scroll            |       |       |    11 |    14 |     3 ||    28
 Stab: Paralysed         |       |       |    12 |       |       ||    12
Armor: Robe              |     3 |     3 |     4 |    20 |       ||    30
       Leather armour    |       |       |    13 |       |       ||    13
       Troll leather arm |       |       |       |    52 |    12 ||    64
Dodge: Dodged            |     5 |    28 |    38 |   218 |    63 ||   352
Block: Other             |       |     6 |    12 |    47 |       ||    65
       Reflection        |       |       |       |     3 |       ||     3
       Buckler           |       |       |       |    51 |    20 ||    71

Table legend: (Time is in decaauts)
 A = Elapsed time spent in this place.
 B = Non-inter-level travel time spent in this place.
 C = Inter-level travel time spent in this place.
 D = Time resting spent in this place.
 E = Time spent auto-exploring this place.
 F = Levels seen in this place.
 G = Mean time per level.
                   A        B        C        D        E       F      G
               +--------+--------+--------+--------+--------+-----+--------+
         Total |  17419 |  16748 |    671 |   5056 |   8864 |  18 |  967.7 |
       Dungeon |  11515 |  11042 |    473 |   2886 |   6207 |  12 |  959.6 |
        Temple |    160 |    142 |     18 |      0 |    132 |   1 |  160.0 |
          Lair |   5604 |   5424 |    180 |   2141 |   2486 |   4 | 1401.0 |
         Abyss |    138 |    138 |      0 |     29 |     39 |   1 |  138.0 |
               +--------+--------+--------+--------+--------+-----+--------+

Top non-repeatable levels by time:
  Lair:4: 1549 daAuts
  Lair:3: 1528 daAuts
     D:9: 1496 daAuts
     D:8: 1413 daAuts
  Lair:1: 1347 daAuts
     D:7: 1274 daAuts
     D:4: 1255 daAuts
  Lair:2: 1179 daAuts
    D:11: 1058 daAuts
     D:3: 960 daAuts
    D:10: 918 daAuts
     D:5: 904 daAuts
     D:2: 762 daAuts
     D:1: 761 daAuts
     D:6: 694 daAuts
